 Dungeon Crawl Stone Soup version 0.31.0-9-g3a7656b989 (webtiles) character file.

Game seed: 2567664549930477625

47 qw the Shooter (level 3, -1/18 HPs)
             Began as a Spriggan Hunter on Feb 2, 2024.
             Slain by a goblin
             ... wielding a +0 club
             ... led by Robin
              (3 damage)
             ... on level 1 of the Dungeon.
             The game lasted 00:00:03 (979 turns).

qw the Shooter (Spriggan Hunter)                     Turns: 979, Time: 00:00:03

Health: -1/18      AC:  2    Str:  7    XL:     3   Next: 48%
Magic:  4/4        EV: 19    Int: 10    God:
Gold:   47         SH:  0    Dex: 20    Spells: 2/2 levels left

rFire   . . .        a - +0 shortbow
rCold   . . .        (shield currently unavailable)
rNeg    . . .        c - +0 robe
rPois   .            (helmet restricted)
rElec   .            (no cloak)
rCorr   .            (gloves unavailable)
SInv    +            (boots unavailable)
Will    .....        (no amulet)
Stlth   ++           (no ring)
HPRegen 0.23/turn    (no ring)
MPRegen 0.09/turn

%: no passive effects
@: very quick
A: very small, no large weapons, unfitting armour, see invisible, speed 3
a: no special abilities


You were on level 1 of the Dungeon.
You visited 1 branch of the dungeon, and saw 2 of its levels.

You collected 47 gold pieces.


Innate Abilities, Weirdness & Mutations

You are very small and have problems with some larger weapons.
You are too small for most types of armour.
You have supernaturally acute eyesight. (SInv)
You cover ground extremely quickly. (Speed+++)


   Skills:
 - Level 1.5 Fighting
 + Level 4.7 Ranged Weapons
 - Level 4.0 Dodging
 - Level 1.5 Stealth


You had 2 spell levels left.
You didn't know any spells.
Your spell library was empty.

Inventory:

Hand Weapons
 a - a +0 shortbow (weapon)
Armour
 c - a +0 robe (worn)
Potions
 d - a potion of lignification {unknown}
 f - a potion of might {unknown}
 h - a potion of enlightenment {unknown}
 j - a potion of invisibility {unknown}

Dungeon Overview and Level Annotations

Branches:
Dungeon (2/15)

Altars:

Annotations:
D:2 Robin


Message History

You shoot an arrow. The arrow hits the hobgoblin.
The hobgoblin is almost dead.
The goblin hits you but does no damage. The hobgoblin barely misses you.
You shoot an arrow. The arrow closely misses the hobgoblin.
The goblin hits you but does no damage. The hobgoblin misses you.
The goblin completely misses you. The hobgoblin completely misses you.
You shoot an arrow. The arrow hits the hobgoblin.
You kill the hobgoblin!
The goblin misses you.
You shoot an arrow. The arrow hits the goblin.
You kill the goblin!
You start resting.
HP restored.
You climb downwards.
Level annotation: Robin The bat completely misses you.
The goblin closely misses you. The goblin hits you but does no damage.
The goblin hits you with a +0 club. The hobgoblin completely misses you.
The goblin misses you.
There is a stone staircase leading up here.
975 ||| STAIRDANCE The bat hits you but does no damage.
The goblin barely misses you. The goblin hits you with a +0 club.
The bat barely misses you. The goblin misses you. The hobgoblin misses you.
The goblin misses you.
You climb upwards.
There is a stone staircase leading down here.
You shoot an arrow.
The arrow hits the hobgoblin but does no damage.
The goblin closely misses you. The goblin hits you with a +0 club.
The hobgoblin completely misses you. The goblin closely misses you.
The goblin hits you with a +0 club.
You shoot an arrow. The arrow hits the hobgoblin.
The hobgoblin is almost dead.
The goblin closely misses you. The goblin misses you.
The hobgoblin barely misses you. The goblin hits you with a +0 club. x2
You shoot an arrow. The arrow closely misses the hobgoblin.
The goblin misses you. The goblin closely misses you.
The hobgoblin barely misses you. The goblin misses you. x2
The goblin completely misses you. The goblin hits you with a +0 club.
The goblin completely misses you. The goblin hits you with a +0 club.
You die...

#>.....##........#
#.......'........#
#.....###........# #.....#
#........# #### #.....#
##'######### #...
#.....###..........# #...
#.............####.#####...
####...#..gg...............
#.....g@g.##############
##..#.#g..# ###~~#
#..#.#...# ###~~?.##
#####....#.#.# #~~~~~...
#............####~~##~#####
#..........#...#### ## #
#.......##.#......### #
#..........#........## ##
#.......##.#.........## #.


You could see a hobgoblin and 4 goblins.

Vanquished Creatures
  A dart slug (D:1)
  5 ball pythons (D:1)
  3 endoplasms (D:1)
  7 goblins (D:1)
  9 hobgoblins (D:1)
  2 kobolds (D:1)
  2 quokkas (D:1)
  4 bats (D:1)
  A frilled lizard (D:1)
  3 rats (D:1)
37 creatures vanquished.

Notes
Turn   | Place    | Note
-------+----------+-------------------------------------------
     0 | D:1      | qw the Spriggan Hunter began the quest for the Orb.
     0 | D:1      | Reached XP level 1. HP: 10/10 MP: 2/2
     0 | D:1      | 0 ||| qw: Version: 0.3-a-155-g5e7d8dd
     0 | D:1      | 0 ||| qw: Game counter: 2452
     0 | D:1      | 0 ||| qw: Melee chars always use a shield: true
     0 | D:1      | 0 ||| qw: God list: Okawaru
     0 | D:1      | 0 ||| qw: Allow faded altars: false
     0 | D:1      | 0 ||| qw: Do Orc after clearing Dungeon:15 true
     0 | D:1      | 0 ||| qw: Do second Lair branch before Depths: true
     0 | D:1      | 0 ||| qw: Lair rune preference: random
     0 | D:1      | 0 ||| qw: Goals: Normal
     0 | D:1      | 0 ||| PLANNING D:1-11
    57 | D:1      | Reached skill level 3 in Dodging
   130 | D:1      | Reached XP level 2. HP: 13/14 MP: 3/3
   426 | D:1      | Reached XP level 3. HP: 18/18 MP: 4/4
   905 | D:1      | 905 ||| READING scroll labelled CIXOCO DUUPLETH.
   906 | D:1      | 906 ||| READING scroll labelled TEUS MEXTASOKKA.
   907 | D:1      | 907 ||| READING scroll labelled KAKAMUENAY.
   908 | D:1      | 908 ||| DROPPING scroll of butterflies.
   942 | D:2      | Noticed Robin
   943 | D:2      | 943 ||| STAIRDANCE
   975 | D:2      | 975 ||| STAIRDANCE
   978 | D:1      | HP: 3/18 [goblin/+0 club[Robin] (4)]
   979 | D:1      | Slain by a goblin

Levels and vault maps discovered:
D:1:      dpeg_cavernosity, layout_basic, chequers_mini_garden
D:2:      kennysheep_six_static_rooms, layout_basic, lightli_corner_chamber,
          uniq_robin, uniq_terence

Skill      XL: |  1  2 |
---------------+-------+-----
Dodging        | 3 4 |  4.0
Fighting       | |  1.5
Ranged Weapons | |  4.7
Stealth        | |  1.5

Action                     || total
---------------------------++-------
   Fire: Shortbow          ||    97
    Use: Scroll            ||     3
 Armour: Robe              ||    25
  Dodge: Dodged            ||    53

Table legend:
 A = Non-vault XP
 B = Vault XP
 C = Vault XP percentage of total XP
 D = Non-vault monster count
 E = Vault monster count
 F = Vault count percentage of total count
                 A         B        C        D         E       F
            +---------+---------+-------+---------+---------+-------
      Total |      54 |      14 |  20.6 |      30 |       7 |  18.9
            +---------+---------+-------+---------+---------+-------
        D:1 |      54 |      14 |  20.6 |      30 |       7 |  18.9
            +---------+---------+-------+---------+---------+-------
